 Dungeon Crawl Stone Soup version 0.31-a0-358-gac0dbeb3ab (webtiles) character file.

Game seed: 1509273884002142756

17 Shayle the Ruffian (level 2, 0/34 HPs)
             Began as a Gnoll Shapeshifter on July 25, 2023.
             Slain by a kobold
             ... wielding a +0 club
              (2 damage)
             ... on level 1 of the Dungeon.
             The game lasted 00:01:00 (351 turns).

Shayle the Ruffian (Gnoll Shapeshifter)              Turns: 351, Time: 00:01:01

Health: 0/34       AC: 21    Str: 14    XL:     2   Next: 62%
Magic:  2/2        EV:  2    Int:  7    God:
Gold:   26         SH:  0    Dex: 12    Spells: 2/2 levels left

rFire   . . .        i - +2 quarterstaff (heavy)
rCold   . . .        (shield currently unavailable)
rNeg    . . .        a - melded +0 animal skin
rPois   +            (helmet currently unavailable)
rElec   .            (cloak currently unavailable)
rCorr   .            (gloves currently unavailable)
SInv    .            (boots currently unavailable)
Will    .....        (no amulet)
Stlth   +            (no ring)
HPRegen 0.25/turn    (no ring)
MPRegen 0.08/turn

%: no passive effects
@: tree-form
A: stationary, stasis, torment immunity, boosted hp, (fangs 1), strong nose,
distributed training
a: no special abilities


You were on level 1 of the Dungeon.
You were a tree.
You visited 1 branch of the dungeon, and saw 1 of its levels.

You collected 26 gold pieces.

Inventory:

Hand Weapons
 i - a +2 heavy quarterstaff (weapon)
Armour
 a - a +0 animal skin (melded)
Talismans
 c - a beast talisman
Scrolls
 g - a scroll of identify {unknown}
Potions
 d - a potion of enlightenment {unknown}
 e - a potion of heal wounds {unknown}
 f - a potion of degeneration {unknown}
 h - 2 potions of cancellation {unknown}


   Skills:
 + Level 2.5 Fighting
 + Level 0.5 Short Blades
 + Level 0.5 Long Blades
 + Level 0.5 Axes
 + Level 0.5 Maces & Flails
 + Level 0.5 Polearms
 + Level 0.5 Staves
 + Level 0.5 Ranged Weapons
 + Level 0.5 Throwing
 + Level 0.5 Armour
 + Level 4.5 Dodging
 + Level 0.5 Stealth
 + Level 0.5 Shields
 + Level 6.5 Unarmed Combat
 + Level 0.5 Spellcasting
 + Level 0.3 Conjurations
 + Level 0.3 Hexes
 + Level 0.3 Summonings
 + Level 0.3 Necromancy
 + Level 0.3 Translocations
 + Level 0.3 Transmutations
 + Level 0.3 Fire Magic
 + Level 0.3 Ice Magic
 + Level 0.3 Air Magic
 + Level 0.3 Earth Magic
 + Level 0.3 Poison Magic
 + Level 0.6 Invocations
 + Level 0.5 Evocations
 + Level 6.4 Shapeshifting


You had 2 spell levels left.
You didn't know any spells.
Your spell library was empty.

Dungeon Overview and Level Annotations

Branches:
Dungeon (1/15)

Altars:


Innate Abilities, Weirdness & Mutations

You are a tree.
Your roots penetrate the ground, keeping you stationary.
You cannot be teleported.
You are immune to unholy pain and torment.
Your maximum health is greatly increased.
Your equipment is partially melded.
((You have very sharp teeth.))
Your uncanny sense of smell can sniff out nearby items.
Your experience applies equally to all skills.


Message History

Unknown command.
You hit the jackal. You bite the jackal.
You kill the jackal!
The jackal bites you but does no damage.
The giant cockroach barely misses you. The kobold hits you with a +0 club.
The jackal misses you. The giant cockroach barely misses you.
The jackal bites you. The kobold barely misses you.
The giant cockroach closely misses you.
You thump the jackal!
You kill the jackal!
The giant cockroach misses you.
The rat twitches its whiskers.
The rat bites you but does no damage. The kobold completely misses you.
The giant cockroach completely misses you.
The rat barely misses you. The kobold hits you with a +0 club.
You barely miss the giant cockroach. The giant cockroach barely misses you.
The rat barely misses you. The kobold hits you but does no damage.
The giant cockroach bites you. The rat closely misses you.
The kobold hits you but does no damage.
Unknown command.
You barely miss the kobold. The giant cockroach bites you. The rat misses you.
The kobold hits you with a +0 club.
* * * LOW HITPOINT WARNING * * *
The giant cockroach bites you but does no damage.
The rat bites you.
* * * LOW HITPOINT WARNING * * *
The kobold misses you. The giant cockroach bites you.
* * * LOW HITPOINT WARNING * * *
Really quaff the potion of lignification?
Your transformation has ended.
You turn into a tree.
Your +0 animal skin melds into your body.
Your roots penetrate the ground.
The giant cockroach bites you but does no damage.
The rat bites you but does no damage. The kobold hits you but does no damage.
Unknown command.
You barely miss the kobold.
The giant cockroach bites you but does no damage.
The rat bites you but does no damage. The kobold hits you with a +0 club.
You die...

##~♣~~P~## #....#.# ##
##~## #....##. #####
#...#.## #.#
#####..#.#.. #####.#
#......##...
#.....#####.###.#.....
#.....................
##>..r............#.#..
#....K♣.#.............#
#=...$B###...####.#...#
.........#.........#...#
.#.#....###.....####..)#
#.....## ##....####...#
...... #......>....).
#...... ##......##..##
....#.# ##.#....#....
####.#.#..##


You could see a giant cockroach, a kobold and a rat.

Vanquished Creatures
  An endoplasm (D:1)
  A giant cockroach (D:1)
  A goblin (D:1)
  A hobgoblin (D:1)
  4 jackals (D:1)
  5 kobolds (D:1)
  A ball python (D:1)
  A bat (D:1)
15 creatures vanquished.

Notes
Turn   | Place    | Note
-------+----------+-------------------------------------------
     0 | D:1      | Shayle the Gnoll Shapeshifter began the quest for the Orb.
     0 | D:1      | Reached XP level 1. HP: 17/17 MP: 1/1
   222 | D:1      | Reached XP level 2. HP: 22/23 MP: 2/2
   349 | D:1      | HP: 1/23 [giant cockroach (2)]
   351 | D:1      | Slain by a kobold

Illustrated notes

Levels and vault maps discovered:
D:1:      ldierk_walled_garden_2, layout_loops_ring,
          minmay_misc_feat_secret_circle, minivault_25,
          nicolae_figureground_sparkle

Action                     || total
---------------------------++-------
  Melee: Unarmed           ||    13
         Bite              ||     3
         Quarterstaff      ||    13
    Use: Potion            ||     1
 Armour: Animal skin       ||     9
         Skin              ||     5
  Dodge: Dodged            ||    30

Table legend: (Time is in decaauts)
 A = Elapsed time spent in this place.
 B = Non-inter-level travel time spent in this place.
 C = Inter-level travel time spent in this place.
 D = Time resting spent in this place.
 E = Time spent auto-exploring this place.
 F = Levels seen in this place.
 G = Mean time per level.
                   A        B        C        D        E       F      G
               +--------+--------+--------+--------+--------+-----+--------+
         Total |    360 |    360 |      0 |      0 |    244 |   1 |  360.0 |
       Dungeon |    360 |    360 |      0 |      0 |    244 |   1 |  360.0 |
               +--------+--------+--------+--------+--------+-----+--------+

Top non-repeatable levels by time:
     D:1: 360 daAuts
